 Dungeon Crawl Stone Soup version 0.27.1-33-g824d729ab1 (webtiles) character file.

Game seed: 6780903145767733105

130 raph the Stinger (level 4, -1/24 HPs)
             Began as a Deep Elf Venom Mage on Dec 11, 2021.
             Slain by an orc warrior (13 damage)
             ... on level 3 of the Dungeon.
             The game lasted 00:06:21 (3687 turns).

raph the Stinger (Deep Elf Venom Mage)              Turns: 3687, Time: 00:06:21

Health: -1/24      AC:  4    Str:  5    XL:     4   Next: 90%
Magic:  0/10       EV: 12    Int: 21    God:
Gold:   60         SH:  4    Dex: 15    Spells: 2/9 levels left

rFire    . . .     SeeInvis .   c - +3 dagger
rCold    . . .     Faith    .   d - +0 buckler
rNeg     . . .     Spirit   .   a - +0 robe
rPois    .         Reflect  .   (no helmet)
rElec    .         Harm     .   (no cloak)
rCorr    .         Rampage  .   b - +1 pair of gloves
Will     .....                  (no boots)
Stlth    ++........             (no amulet)
HPRegen  0.08/turn              (no ring)
MPRegen  0.12/turn              (no ring)

@: no status effects
A: no striking features
a: no special abilities


You were on level 3 of the Dungeon.
You visited 1 branch of the dungeon, and saw 3 of its levels.

You collected 60 gold pieces.

Inventory:

Hand Weapons
 c - a +3 dagger (weapon)
Armour
 a - a +0 robe (worn)
 b - a +1 pair of gloves (worn)
 d - a +0 buckler (worn)
Potions
 f - a potion of invisibility {unknown}
 j - 2 potions of brilliance


   Skills:
 - Level 2.4 Dodging
 - Level 2.4 Stealth
 + Level 2.0 Shields
 - Level 3.0 Spellcasting
 - Level 1.1 Transmutations
 + Level 5.4 Poison Magic


You had 2 spell levels left.
You knew the following spells:

 Your Spells              Type           Power      Damage    Failure   Level
a - Sting                 Tmut/Pois      64%        1d6       4%          1
b - Poisonous Vapours     Pois/Air       28%        N/A       9%          2
c - Mephitic Cloud        Conj/Pois/Air  10%        N/A       24%         3
d - Shock                 Conj/Air       12%        1d3       17%         1

Your spell library contained the following spells:

 Spells                   Type           Power      Damage    Failure   Level
 Olgreb's Toxic Radiance  Pois           25%        N/A       19%         4
 Passage of Golubria      Tloc           N/A        N/A       86%         4
 Manifold Assault         Tloc           3%         N/A       99%         5


Dungeon Overview and Level Annotations

Branches:
Dungeon (3/15)

Altars:

Shops:
D:1 :


Message History

Your orc hits the orc warrior but does no damage.
Casting: Sting (safe; 4% risk of failure)
Confirm with . or Enter, or press ? or * to list all spells.
Aiming: Poisonous Vapours (safe; 9% risk of failure)
Press: ? - help, Dir - move target, f/p - orc warrior
Aim: an orc warrior, wielding a +0 glaive and wearing a +1 plate armour of positive energy (moderately wounded, ally target) Poisonous vapours surround the orc warrior!
The orc warrior is poisoned.
Your hobgoblin hits the orc warrior but does no damage.
Your orc hits the orc warrior with a +1 short sword of flaming.
Your orc burns the orc warrior.
The orc warrior hits your orc with a +0 glaive!
Your orc dies!
Your orc's corpse dissolves into shadows!
Your orc wizard gestures at the orc warrior while chanting.
The magic dart hits the orc warrior!
Your orc hits the orc warrior with a +0 hand axe.
Casting: Poisonous Vapours (safe; 9% risk of failure)
Confirm with . or Enter, or press ? or * to list all spells.
Aiming: Poisonous Vapours (safe; 9% risk of failure)
Press: ? - help, Dir - move target, f/p - orc warrior
Aim: an orc warrior, wielding a +0 glaive and wearing a +1 plate armour of positive energy (severely wounded, poisoned, ally target) Poisonous vapours surround the orc warrior!
The orc warrior looks even sicker.
Your hobgoblin hits the orc warrior.
Your orc wizard hits the orc warrior but does no damage.
Your orc hits the orc warrior but does no damage.
Your hobgoblin hits the orc warrior but does no damage.
The orc warrior hits your orc with a +0 glaive!
Your orc dies!
Your orc's corpse dissolves into shadows!
Your orc wizard closely misses the orc warrior.
The orc warrior shouts!
Your hobgoblin completely misses the orc warrior.
Your orc wizard closely misses the orc warrior.
You don't have enough magic to cast this spell.
Unknown command.
You aren't carrying any items that you can evoke.
The orc warrior hits you from afar with a +0 glaive!
Ouch! That really hurt!
You die...

##.## #.# #.# #.#
#.# #.# #.###.# #.#
#.# #.....# #+# #.#
#####.# ... #.# #.#
.... #.#######.#
..... #.........#
......####o..##.###
.....B+@)og.........
.....J####...##.###.
..... ##.###.# ....
### #.# ... ... #+
...


You could see an orc warrior (very poisoned, ally target), a friendly orc wizard
(summoned) and a friendly hobgoblin (summoned).

Vanquished Creatures
  An orc wizard (D:3)
  5 adders
  A worm (D:2)
  A dart slug (D:1)
  An orc (D:3)
  3 ball pythons
  5 bats
  10 endoplasms
  4 goblins (D:1)
  6 hobgoblins
  4 jackals (D:1)
  3 quokkas
  3 frilled lizards
  5 rats
52 creatures vanquished.

Notes
Turn   | Place    | Note
-------+----------+-------------------------------------------
     0 | D:1      | raph the Deep Elf Venom Mage began the quest for the Orb.
     0 | D:1      | Reached XP level 1. HP: 10/10 MP: 6/6
   277 | D:1      | Reached skill level 4 in Poison Magic
   277 | D:1      | Reached XP level 2. HP: 13/15 MP: 1/8
   506 | D:1      | Learned a level 2 spell: Poisonous Vapours
  1078 | D:1      | Found Uwuclirph's Book Emporium.
  1158 | D:1      | Reached XP level 3. HP: 19/19 MP: 9/9
  1162 | D:1      | Learned a level 3 spell: Mephitic Cloud
  1422 | D:2      | Got the Catalogue of Lightness and Translocation
  1427 | D:2      | Learned a level 1 spell: Shock
  2115 | D:2      | Reached skill level 1 in Shields
  2461 | D:2      | Found a faded altar of an unknown god.
  2907 | D:3      | Noticed an orc warrior
  3040 | D:3      | Reached skill level 5 in Poison Magic
  3040 | D:3      | Reached XP level 4. HP: 24/24 MP: 7/10
  3687 | D:3      | Slain by an orc warrior

Illustrated notes

Levels and vault maps discovered:
D:1:      dpeg_arrival_boxorama, layout_basic, serial_shops, shop
D:2:      layout_basic, ebering_ecumenical_altar_rust
D:3:      layout_loops_corners, uniq_grinder

Skill      XL: |  1  2  3  4 |
---------------+-------------+-----
Poison Magic   | 4 5 |  5.4
Shields        | 1 2 |  2.0
Dodging        | |  2.4
Stealth        | |  2.4
Spellcasting   | |  3.0
Transmutations | |  1.1

Action                   |  1- 3 |  4- 6 || total
-------------------------+-------+-------++-------
Melee: Unarmed           |     1 |       ||     1
       Dagger            |    38 |    11 ||    49
 Cast: Sting             |    51 |    18 ||    69
       Poisonous Vapours |     9 |    12 ||    21
  Use: Scroll            |     6 |     3 ||     9
       Potion            |       |     1 ||     1
 Stab: Sleeping          |     2 |       ||     2
Armor: Robe              |     7 |     5 ||    12
Dodge: Dodged            |    29 |     8 ||    37
Block: Buckler           |     6 |       ||     6
